 Dungeon Crawl Stone Soup version 0.30-a0-718-geaa24f58ff (webtiles) character file.

Game seed: 11150672197201773014

1549 mandarbmax the Stinger (level 8, -8/54 HPs)
             Began as a Demonspawn Venom Mage on Jan 25, 2023.
             Was a Believer of Cheibriados.
             Mangled by a yak (13 damage)
             ... on level 5 of the Dungeon on Jan 26, 2023.
             The game lasted 00:18:03 (6387 turns).

mandarbmax the Stinger (Demonspawn Venom Mage)      Turns: 6387, Time: 00:18:04

Health: -8/54      AC:  6    Str: 19    XL:     8   Next: 57%
Magic:  2/11       EV: 12    Int: 26    God:    Cheibriados [**....]
Gold:   331        SH:  5    Dex: 17    Spells: 5/11 levels left

rFire   + . .      SeeInvis .    r - +6 scimitar "Uwkessa" {heavy, Int+3}
rCold   . . .      Faith    .    j - +0 buckler
rNeg    . . .      Spirit   .    t - +0 ring mail
rPois   .          Reflect  .    (no helmet)
rElec   .          Harm     .    (no cloak)
rCorr   .          Rampage  .    u - +0 pair of gloves
Will    .....                    (no boots)
Stlth   ++                       (no amulet)
HPRegen 0.29/turn                p - +6 ring of strength
MPRegen 0.24/turn                s - ring of protection from fire

@: very slow
A: foul stench 2, magic regeneration, sturdy frame 1
a: Renounce Religion, Bend Time


You were on level 5 of the Dungeon.
You worshipped Cheibriados.
Cheibriados was pleased with you.
You visited 1 branch of the dungeon, and saw 5 of its levels.

You collected 331 gold pieces.

Inventory:

Hand Weapons
 c - a +0 rapier
 r - the +6 scimitar "Uwkessa" (weapon) {heavy, Int+3}
   (You found it on level 3 of the Dungeon)

   Int:       It affects your intelligence (+3).
Armour
 j - a +0 buckler (worn)
 t - a +0 ring mail (worn)
 u - a +0 pair of gloves (worn)
 w - a +0 helmet
Jewellery
 p - a +6 ring of strength (left hand)
 s - a ring of protection from fire (right hand)
Scrolls
 a - a scroll of summoning
 e - a scroll of blinking {unknown}
 h - a scroll of enchant weapon
 i - 3 scrolls of teleportation
 n - a scroll of torment
 v - a scroll of immolation
Potions
 b - a potion of magic
 d - 3 potions of attraction {unknown}
 f - a potion of cancellation {unknown}
 g - a potion of brilliance
 k - a potion of ambrosia
 l - 2 potions of mutation {unknown}
 m - a potion of haste {unknown}
 o - a potion of heal wounds {unknown}
 q - a potion of degeneration {unknown}
 x - a potion of curing {unknown}
 z - a potion of invisibility


   Skills:
 * Level 1.4 Fighting
 * Level 2.5 Dodging
 - Level 1.7 Stealth
 - Level 4.0 Shields
 - Level 2.0 Spellcasting
 - Level 5.0 Conjurations
 - Level 1.0 Transmutations
 - Level 4.0 Air Magic
 + Level 6.9 Poison Magic


You had 5 spell levels left.
You knew the following spells:

 Your Spells              Type           Power      Damage    Failure   Level
a - Sting                 Tmut/Pois      92%        1d7       3%          1
b - Poisonous Vapours     Pois/Air       62%        N/A       3%          2
c - Mephitic Cloud        Conj/Pois/Air  30%        N/A       6%          3

Your spell library contained the following spells:

 Spells                   Type           Power      Damage    Failure   Level
 Olgreb's Toxic Radiance  Pois           38%        N/A       11%         4
 Sandblast                Erth           4%         2d4       19%         1
 Wereblood                Tmut           7%         N/A       19%         2
 Sublimation of Blood     Necr           2%         N/A       26%         2
 Summon Hydra             Summ           1%         N/A       100%        7


Dungeon Overview and Level Annotations

Branches:
Dungeon (5/15)
 Temple: D:4-7

Altars:
Cheibriados
Dithmenos
Hepliaklqana
Qazlal
Trog
Uskayaw
Yredelemnul


Innate Abilities, Weirdness & Mutations

You sometimes emit foul miasma when damaged in melee.
You regenerate magic rapidly.
Your movements are slightly less encumbered by armour. (ER -2)


Message History

The yak is moderately wounded.
The stinking cloud engulfs you but does no damage.
You are engulfed in noxious fumes.
You choke on the stench!
You are confused.
The yak is engulfed in dark miasma.
The yak looks as sick as possible!
The yak gores you!
Unknown command.
You feel less confused.
The yak is engulfed in dark miasma.
The yak looks as sick as possible!
You barely miss the yak.
The yak is almost dead.
The yak is engulfed in noxious fumes.
The yak appears confused.
You slash the yak!
The yak is moderately wounded.
The yak is engulfed in noxious fumes.
The yak misses you.
The yak closely misses the yak.
The yak is engulfed in noxious fumes.
The yak appears confused.
The yak gores the yak.
The yak is killed!
Cheibriados appreciates the change of pace.
Your Fighting skill increases to level 1!
You hit the yak.
The yak is heavily wounded.
The yak is engulfed in dark miasma.
The yak is poisoned.
The yak closely misses the yak.
The yak gores you!
Casting: Mephitic Cloud (dangerous; 6% risk of failure)
Confirm with . or Enter, or press ? or * to list all spells.
Aiming: Mephitic Cloud (dangerous; 6% risk of failure)
Press: ? - help, Shift-Dir - straight line That beam is likely to hit you.
Continue anyway?
The ball explodes into a vile cloud!
The stinking cloud engulfs the yak but does no damage. x2
The yak is heavily wounded.
The stinking cloud engulfs you but does no damage.
The yak is engulfed in noxious fumes.
The yak appears confused.
The yak is engulfed in noxious fumes.
The yak closely misses you.
You closely miss the yak.
The yak is engulfed in noxious fumes.
The yak gores you!
* * * LOW HITPOINT WARNING * * *
The yak is engulfed in noxious fumes.
The yak gores you!
You die...

##[...##..#.#................<##.
#..##..##.....(......#........##.
..#####.............##...........
..# ##......Y..Y[####.........#
..### #.........#...##.........#
....####...###...##..............
##........###..☼.###....##...._..
#........##...Y####....#..#.#.#.
#....#.......☼○@##........#.....
#...###.....####..........##..##
##..## ##...## ##.............##
#...## ##....## ##.......##.....
.....# #...#..## #.###...#####.##
##.### #...###.##### #...# #.##
#.# ##### ##.# ##.## #.## ### ###
### ##.# #.#


You could see 2 yaks.

Vanquished Creatures
  3 yaks (D:5)
  An ogre (D:5)
  2 centaurs
  2 phantoms (D:5)
  2 necrophages
  A scorpion (D:4)
  2 orc priests (D:5)
  4 jellies
  A gnoll bouda (D:4)
  4 iguanas (D:5)
  An orc wizard (D:5)
  3 gnolls (D:4)
  9 adders
  2 ufetubi
  4 dart slugs
  7 orcs
  12 ball pythons
  10 endoplasms
  4 giant cockroaches
  5 hobgoblins
  6 jackals
  7 kobolds
  4 quokkas
  7 bats
  2 frilled lizards
  4 goblins
  8 rats
117 creatures vanquished.

Vanquished Creatures (others)
  A quokka (D:3)
1 creature vanquished.

Grand Total: 118 creatures vanquished

Notes
Turn   | Place    | Note
-------+----------+-------------------------------------------
     0 | D:1      | mandarbmax the Demonspawn Venom Mage began the quest for
                  | the Orb.
     0 | D:1      | Reached XP level 1. HP: 13/13 MP: 3/3
    36 | D:1      | Reached skill level 1 in Transmutations
   182 | D:1      | Gained mutation: Your movements are slightly less
                  | encumbered by armour. (ER -2) [demonic ancestry]
   182 | D:1      | Reached XP level 2. HP: 17/19 MP: 0/5
   185 | D:1      | Learned a level 2 spell: Poisonous Vapours
   662 | D:1      | Reached skill level 4 in Poison Magic
   852 | D:1      | Gained mutation: You regenerate magic rapidly. [demonic
                  | ancestry]
   852 | D:1      | Reached XP level 3. HP: 24/24 MP: 4/6
  1629 | D:2      | Learned a level 3 spell: Mephitic Cloud
  1840 | D:2      | Upgraded the game from 0.30-a0-715-gdb4ae3ece1 to
                  | 0.30-a0-718-geaa24f58ff
  2928 | D:3      | Found a faded altar of an unknown god.
  2933 | D:3      | Got Plato's Vellum of Oromancy
  3001 | D:3      | Gained mutation: You may rarely emit foul miasma when
                  | damaged in melee. [demonic ancestry]
  3001 | D:3      | Reached XP level 4. HP: 25/30 MP: 1/7
  3237 | D:3      | Reached skill level 1 in Conjurations
  3296 | D:3      | Reached skill level 1 in Shields
  3376 | D:3      | Reached skill level 1 in Air Magic
  3496 | D:3      | Identified the +6 scimitar "Uwkessa" {heavy, Int+3}
  3543 | D:3      | Found a snail-covered altar of Cheibriados.
  3571 | D:3      | Became a worshipper of Cheibriados the Contemplative
  3589 | D:3      | Found a hazy altar of Hepliaklqana.
  3802 | D:3      | Identified the +2 quarterstaff "Ugonty" {heavy, rF+ rN+
                  | Int-4}
  3951 | D:4      | Found a stormy altar of Qazlal.
  3960 | D:4      | Gained mutation: You sometimes emit foul miasma when
                  | damaged in melee. [demonic ancestry]
  3960 | D:4      | Reached XP level 5. HP: 35/35 MP: 4/8
  4147 | D:4      | Reached skill level 5 in Poison Magic
  4192 | D:4      | Reached XP level 6. HP: 40/41 MP: 9/9
  4425 | D:4      | Reached * piety under Cheibriados
  4527 | D:4      | Found a bloodstained altar of Trog.
  4723 | D:4      | Found a hide-covered altar of Uskayaw.
  4932 | D:5      | Entered Level 5 of the Dungeon
  4932 | D:5      | Found a hide-covered altar of Uskayaw.
  4939 | D:5      | Reached XP level 7. HP: 16/46 MP: 4/10
  5196 | D:5      | Found a basalt altar of Yredelemnul.
  5314 | D:5      | Found a shadowy altar of Dithmenos.
  5611 | D:5      | Reached skill level 6 in Poison Magic
  5654 | D:5      | Reached ** piety under Cheibriados
  5661 | D:5      | Reached XP level 8. HP: 16/52 MP: 0/11
  6281 | D:5      | Reached skill level 5 in Conjurations
  6385 | D:5      | Reached skill level 1 in Fighting
  6387 | D:5      | Mangled by a yak

Illustrated notes

Levels and vault maps discovered:
D:1:      minmay_arrival_arboretum_small, layout_loops_ring, minmay_ruptured
D:2:      mumra_celtic_spiral_tile, layout_basic, dreamdust_princess_bridge
D:3:      layout_basic, worldfamousw_hep_ancestral_shrine, elyvilon_altar_4,
          old_standard_altar, shapermc_ecumenical_altar_rom_forum,
          minmay_checkerbox
D:4:      nicolae_cairo_tiling_large_dashed, layout_rooms,
          mainiacjoe_overflow_alcove_1, grunt_qazlal_clouds,
          nicolae_uskayaw_murder_on_the_dancefloor
D:5:      layout_layer_cave, overflow_temple_1_default, serial_glass,
          glass_columns_a, glass_columns_a, glass_columns_a, glass_columns_a,
          glass_columns_b, glass_columns_a, glass_columns_b, glass_columns_c,
          grunt_ministairs_4, st_stairs_4, hangedman_feature_mirror

Skill      XL: |  1  2  3  4  5  6  7  8 |
---------------+-------------------------+-----
Dodging        | 2 |  2.5
Transmutations | 1 |  1.0
Poison Magic   | 4 5 6 |  6.9
Conjurations   | 1 2 3 4 5 |  5.0
Shields        | 1 2 3 4 |  4.0
Air Magic      | 1 2 3 4 |  4.0
Fighting       | 1 |  1.4
Stealth        | |  1.7
Spellcasting   | |  2.0

Action                     |  1- 3 |  4- 6 |  7- 9 || total
---------------------------+-------+-------+-------++-------
  Melee: Rapier            |    29 |    23 |       ||    52
         Unarmed           |     2 |       |       ||     2
         Scimitar          |       |    11 |    34 ||    45
   Cast: Sting             |    68 |    62 |    34 ||   164
         Poisonous Vapours |    27 |    51 |    28 ||   106
         Mephitic Cloud    |       |       |     4 ||     4
    Use: Scroll            |       |     4 |     4 ||     8
   Stab: Confused          |       |       |     1 ||     1
         Sleeping          |       |       |     1 ||     1
 Armour: Robe              |    10 |     4 |       ||    14
         Ring mail         |       |     5 |    22 ||    27
  Dodge: Dodged            |    32 |    36 |    38 ||   106
  Block: Buckler           |     1 |     9 |    23 ||    33

Table legend: (Time is in decaauts)
 A = Elapsed time spent in this place.
 B = Non-inter-level travel time spent in this place.
 C = Inter-level travel time spent in this place.
 D = Time resting spent in this place.
 E = Time spent auto-exploring this place.
 F = Levels seen in this place.
 G = Mean time per level.
                   A        B        C        D        E       F      G
               +--------+--------+--------+--------+--------+-----+--------+
         Total |   6983 |   6801 |    182 |    276 |   5555 |   5 | 1396.6 |
       Dungeon |   6983 |   6801 |    182 |    276 |   5555 |   5 | 1396.6 |
               +--------+--------+--------+--------+--------+-----+--------+

Top non-repeatable levels by time:
     D:5: 1656 daAuts
     D:1: 1518 daAuts
     D:2: 1412 daAuts
     D:4: 1301 daAuts
     D:3: 1094 daAuts
